 Dungeon Crawl Stone Soup version 0.29.1-15-g9cfb28693d (webtiles) character file.

Game seed: 6005639187500082171

1019 Gladio the Schismatic (level 8, -2/62 HPs)
             Began as a Demonspawn Abyssal Knight on Oct 30, 2023.
             Was an Elder of Lugonu.
             Slain by Maggie
             ... wielding a +0 war axe of flaming
              (3 damage)
             ... on level 6 of the Dungeon.
             The game lasted 00:11:38 (6474 turns).

Gladio the Schismatic (Demonspawn Abyssal Knight)   Turns: 6474, Time: 00:11:38

Health: -2/62      AC:  8    Str: 16    XL:     8   Next: 2%
Magic:  13/13      EV: 10    Int: 11    God:    Lugonu [****..]
Gold:   380        SH:  0    Dex: 18    Spells: 7/7 levels left

rFire   . . .      SeeInvis .   B - +7 war axe "Qitoh" {venom, Dex+4 Stlth+}
rCold   + . .      Faith    .   (no shield)
rNeg    . . .      Spirit   .   E - +2 ring mail {rC+}
rPois   .          Reflect  .   (no helmet)
rElec   .          Harm     .   t - +0 cloak
rCorr   .          Rampage  .   (no gloves)
Will    .....                   (no boots)
Stlth   ++........              (no amulet)
HPRegen 0.20/turn               (no ring)
MPRegen 0.13/turn               (no ring)

@: no status effects
A: hooves 2, foul stench 1
a: Renounce Religion, Depart the Abyss, Bend Space, Banish, Corrupt


You were on level 6 of the Dungeon.
You worshipped Lugonu.
Lugonu was greatly pleased with you.
You visited 1 branch of the dungeon, and saw 6 of its levels.
You visited the Abyss 1 time.
You also visited: Ossuary.

You collected 429 gold pieces.
You spent 49 gold pieces at shops.

Inventory:

Hand Weapons
 a - a +1 falchion
 f - a +1 long sword
 B - the +7 war axe "Qitoh" (weapon) {venom, Dex+4 Stlth+}
   (You found it on level 4 of the Dungeon)

   It poisons the flesh of those it strikes.
   Dex:       It affects your dexterity (+4).
   Stlth:     It makes you more stealthy.
Missiles
 o - 2 boomerangs
 q - 18 poisoned darts (quivered)
 w - 3 silver boomerangs
 x - a throwing net
Armour
 b - a +0 leather armour
 d - a +0 chain mail
 t - a +0 cloak (worn)
 E - a +2 ring mail of cold resistance (worn)
Jewellery
 A - a ring of flight
Wands
 j - a wand of polymorph (15)
 v - a wand of quicksilver (6)
 G - a wand of charming (13)
Scrolls
 g - a scroll of poison
 k - 2 scrolls of vulnerability
 l - a scroll of brand weapon {unknown}
 p - 4 scrolls of teleportation
 s - a scroll of fear
Potions
 c - 5 potions of curing
 e - 3 potions of brilliance
 h - 2 potions of ambrosia
 i - a potion of invisibility {unknown}
 m - 2 potions of lignification {unknown}
 n - a potion of berserk rage {unknown}
 r - 2 potions of magic
 u - 2 potions of attraction {unknown}
 z - 2 potions of heal wounds {unknown}
 C - a potion of degeneration {unknown}
 D - 3 potions of flight


   Skills:
 - Level 5.1 Fighting
 - Level 4.1 Long Blades
 * Level 4.1 Axes
 - Level 1.7 Armour
 - Level 0.8 Dodging
 + Level 7.3 Invocations


You had 7 spell levels left.
You didn't know any spells.
Your spell library contained the following spells:

 Spells                   Type           Power      Damage    Failure   Level
 Magic Dart               Conj           0%         1d3       54%         1
 Sting                    Tmut/Pois      0%         1d3       54%         1
 Call Imp                 Summ           0%         N/A       69%         2
 Ensorcelled Hibernation  Hex/Ice        0%         N/A       69%         2
 Poisonous Vapours        Pois/Air       0%         N/A       69%         2
 Call Canine Familiar     Summ           0%         N/A       89%         3
 Frozen Ramparts          Ice            0%         1d1       89%         3
 Mephitic Cloud           Conj/Pois/Air  0%         N/A       89%         3
 Portal Projectile        Hex/Tloc       0%         N/A       89%         3
 Spider Form              Tmut/Pois      0%         N/A       89%         3
 Anguish                  Hex/Necr       0%         N/A       100%        4
 Ice Form                 Ice/Tmut       0%         N/A       100%        4
 Leda's Liquefaction      Hex/Erth       0%         N/A       100%        4
 Olgreb's Toxic Radiance  Pois           0%         N/A       100%        4
 Summon Ice Beast         Ice/Summ       0%         N/A       100%        4


Dungeon Overview and Level Annotations

Branches:
Dungeon (6/15)            Ossuary (visited)
 Temple: D:4-7

Altars:
Cheibriados
Fedhas

Shops:
D:2 *   D:5 *

Annotations:
D:6 Maggie


Innate Abilities, Weirdness & Mutations

You have hoof-like feet.
You may rarely emit foul miasma when damaged in melee.


Message History

You throw a poisoned dart.
The poisoned dart closely misses Maggie.
You hit Maggie. You kick Maggie, but do no damage.
Maggie is lightly wounded.
Maggie misses you.
You slash Maggie!
Maggie looks as sick as possible!
Maggie is moderately wounded.
Maggie gestures at you while chanting. The bolt of fire hits you!
Maggie hits you with a +0 war axe of flaming.
Maggie burns you.
You hit Maggie.
Maggie looks as sick as possible!
Your kick misses Maggie.
Maggie is heavily wounded.
Maggie hits you with a +0 war axe of flaming!
Maggie burns you.
You slash Maggie!
Maggie is heavily wounded.
Maggie hits you with a +0 war axe of flaming!
Maggie burns you!
* * * LOW HITPOINT WARNING * * *
You emit a cloud of foul miasma!
You are too injured to fight recklessly!
You feel better.
Maggie is engulfed in dark miasma.
Maggie looks as sick as possible!
Maggie mumbles the words to a spell, but in the wrong order.
Maggie hits you with a +0 war axe of flaming.
Maggie burns you.
* * * LOW HITPOINT WARNING * * *
You feel better.
Maggie is engulfed in dark miasma.
Maggie looks as sick as possible!
Maggie hits you with a +0 war axe of flaming!
* * * LOW HITPOINT WARNING * * *
Maggie burns you!
* * * LOW HITPOINT WARNING * * *
You feel better.
Maggie is engulfed in dark miasma.
Maggie looks as sick as possible!
Maggie hits you with a +0 war axe of flaming!
* * * LOW HITPOINT WARNING * * *
Maggie burns you.
You die...

.(.. ...# #(.#
#(.# #..# #..#
#@.# #@.# #..#
#..########
#..........
#.#####.........
#....)))#######.
#######)#######
#<.†......
##.#######


You could see Maggie (extremely poisoned).

Vanquished Creatures
  A phantom (D:5)
  A kobold brigand (D:6)
  An elf zombie (Ossuary)
  A scorpion (D:5)
  A howler monkey (D:2)
  A hound (D:4)
  2 jellies (D:5)
  A human zombie (Ossuary)
  An orc priest (D:2)
  A gnoll bouda (D:3)
  2 iguanas
  Natasha (thrice) (D:2)
  3 orc wizards
  3 mummies (Ossuary)
  5 gnolls
  6 adders
  3 adder zombies (Ossuary)
  5 worms
  3 dart slugs
  10 orcs
  8 ball pythons
  7 bats
  9 endoplasms
  3 giant cockroaches
  5 goblins
  6 hobgoblins
  4 jackals (D:2)
  7 quokkas
  4 frilled lizards
  3 goblin zombies (Ossuary)
  3 hobgoblin zombies (Ossuary)
  14 kobolds
  3 kobold zombies (Ossuary)
  4 quokka zombies (Ossuary)
  7 rats
141 creatures vanquished.

Vanquished Creatures (others)
  3 fungi (D:6)
3 creatures vanquished.

Grand Total: 144 creatures vanquished

Notes
Turn   | Place    | Note
-------+----------+-------------------------------------------
     0 | Abyss:1  | Gladio the Demonspawn Abyssal Knight began the quest for
                  | the Orb.
     0 | Abyss:1  | Reached XP level 1. HP: 18/18 MP: 2/2
     3 | D:1      | Escaped the Abyss
    62 | D:1      | Gained mutation: You have large cloven feet. [demonic
                  | ancestry]
    62 | D:1      | Reached XP level 2. HP: 10/24 MP: 4/4
   289 | D:1      | Reached skill level 3 in Invocations
   810 | D:1      | Reached XP level 3. HP: 22/29 MP: 5/5
  1609 | D:2      | Found Coxat's General Store.
  1613 | D:2      | Bought a +0 long sword for 49 gold pieces
  1670 | D:2      | Reached skill level 4 in Invocations
  1670 | D:2      | Reached XP level 4. HP: 32/37 MP: 5/7
  1797 | D:2      | Found a faded altar of an unknown god.
  1964 | D:2      | Found a runed translucent door.
  1965 | D:2      | Noticed Crazy Yiuf
  2086 | D:2      | Noticed Natasha
  2101 | D:2      | Killed Natasha
  2166 | D:2      | Gained mutation: You have hoof-like feet. [demonic
                  | ancestry]
  2166 | D:2      | Reached XP level 5. HP: 29/42 MP: 8/8
  2336 | D:2      | Reached *** piety under Lugonu
  2615 | D:2      | Noticed Crazy Yiuf
  2615 | D:2      | Crazy Yiuf changed into Crazy Yiuf the howler monkey
  2621 | D:2      | Killed Crazy Yiuf the howler monkey
  2692 | D:2      | Noticed Natasha
  2699 | D:2      | Killed Natasha
  2788 | D:2      | Found a faded altar of an unknown god.
  2927 | D:2      | Found Coxat's General Store.
  3002 | D:2      | Noticed Natasha
  3014 | D:2      | Killed Natasha
  3015 | D:2      | Reached skill level 5 in Invocations
  3289 | D:3      | Noticed Ijyb
  3290 | D:3      | Found a snail-covered altar of Cheibriados.
  3293 | D:3      | Noticed Ijyb
  3293 | D:3      | Ijyb changed into Ijyb the giant cockroach
  3300 | D:3      | Killed Ijyb the giant cockroach
  3532 | D:3      | Reached XP level 6. HP: 42/49 MP: 9/9
  4388 | D:4      | Noticed Blork the orc
  4393 | D:4      | Noticed Blork
  4393 | D:4      | Blork the orc changed into Blork the hobgoblin
  4398 | D:4      | Killed Blork the hobgoblin
  4477 | D:4      | Identified the +7 war axe "Qitoh" {venom, Dex+4 Stlth+}
  4510 | D:4      | Reached skill level 5 in Fighting
  4559 | D:4      | Found a blossoming altar of Fedhas.
  4904 | D:4      | Reached **** piety under Lugonu
  5190 | D:5      | Entered Level 5 of the Dungeon
  5242 | D:5      | Reached skill level 1 in Axes
  5242 | D:5      | Reached skill level 6 in Invocations
  5242 | D:5      | Gained mutation: You may rarely emit foul miasma when
                  | damaged in melee. [demonic ancestry]
  5242 | D:5      | Reached XP level 7. HP: 56/56 MP: 11/11
  5340 | D:5      | Found a sand-covered staircase.
  5347 | D:5      | Identified the +2 robe of the Frog {Int+4}
  5363 | Ossuary  | Entered an ossuary
  5950 | D:5      | Found Aleok's General Store.
  5982 | D:5      | Reached skill level 7 in Invocations
  6405 | D:6      | Reached XP level 8. HP: 51/62 MP: 13/13
  6462 | D:6      | Noticed Maggie
  6474 | D:6      | HP: 1/62 [Maggie/+0 war axe of flaming (10)]
  6474 | D:6      | Slain by Maggie

Illustrated notes

Levels and vault maps discovered:
D:1:      wheals_arrival_shading, layout_rooms, dreamdust_princess_bridge
D:2:      layout_loops_ring, shapermc_ecumenical_altar_venn, serial_shops, shop,
          minmay_pentomino_pile, uniq_natasha, uniq_crazy_yiuf_cottage
D:3:      layout_loops_ring, lemuel_crystal_altar, uniq_ijyb
D:4:      layout_gridville, amcnicky_altar_gilded, uniq_blork_the_orc
D:5:      layout_rooms, lemuel_doored_altar, nicolae_ossuary_entry_ruins,
          serial_shops, shop
D:6:      layout_basic, mainiacjoe_overflow_chevrons, doesnt_xom_only_xom,
          serial_glass, glass_columns_c, glass_columns_b, due_unseen_surprise,
          minmay_unpleasant_kobolds, uniq_sigmund, uniq_maggie, uniq_eustachio,
          uniq_edmund

Skill      XL: |  1  2  3  4  5  6  7 |
---------------+----------------------+-----
Long Blades    | 2 3 4 |  4.1
Invocations    | 3 4 5 6 7 |  7.3
Fighting       | 4 5 |  5.1
Axes           | 1 4 |  4.1
Armour         | |  1.7
Dodging        | |  0.8

Action                   |  1- 3 |  4- 6 |  7- 9 || total
-------------------------+-------+-------+-------++-------
Melee: Falchion          |    87 |       |       ||    87
       Kick              |    18 |    51 |    25 ||    94
       Long sword        |    11 |   145 |       ||   156
       Punch             |     1 |     2 |       ||     3
       War axe           |       |    33 |   100 ||   133
Throw: Dart              |       |     4 |     4 ||     8
Invok: Banish            |       |     1 |       ||     1
Evoke: Wand              |       |     4 |       ||     4
  Use: Scroll            |     2 |     1 |    11 ||    14
       Potion            |       |       |     3 ||     3
Armor: Chain mail        |    63 |    90 |       ||   153
       Ring mail         |       |     3 |    51 ||    54
Dodge: Dodged            |    37 |    50 |    49 ||   136
